 Dungeon Crawl Stone Soup version 0.17.0-56-gd8de76c (webtiles) character file.

166714 Chiseanne the Intangible (level 17, -1/82 HPs)
             Began as a Spriggan Assassin on Dec 2, 2015.
             Was an Initiate of Gozag.
             Blown up by an orb spider (25 damage)
             ... with an orb of destruction
             ... on level 3 of the Spider Nest on Dec 4, 2015.
             The game lasted 03:27:42 (41126 turns).

Chiseanne the Intangible (Spriggan Assassin)       Turns: 41126, Time: 03:27:42

Health: -1/82      AC:  5    Str: 12    XL:     17   Next: 30%
Magic:  0/18       EV: 48    Int: 18    God:    Gozag
Gold:   3507       SH:  0    Dex: 25    Spells: 7 memorised, 1 level left

rFire  + . .     SeeInvis +     e - +11 hand crossbow "Rottauc" {elec, +Blink rN+ Dex+4}
rCold  + + .     Clarity  .     C - +2 robe {MR+}
rNeg   + + +     SustAt   .     (shield restricted)
rPois  +         Gourm    .     R - -2 hat of the Alchemist {rElec rPois rF+ rC+ rN+ MR+ rMut rCorr}
rElec  +         Spirit   +     Z - +2 cloak of Starlight {rElec rC+ EV+4 Stlth--}
rCorr  +         Warding  .     (gloves unavailable)
rMut   +         Stasis   .     (boots unavailable)
MR     +++++                    c - amulet of guardian spirit
Stlth  ++++++++++               u - ring "Vinuig" {rPois rN++ MR+ Slay+3 Stlth+}
                                W - ring of Deucw {Str+5 Int+4 Dex-2 Slay+5 Stlth+}

@: lethally poisoned (-1 -> -8), very quick, almost entirely resistant to
hostile enchantments, uncannily stealthy
A: unfitting armour, see invisible, herbivore 3, speed 3, slow metabolism 2
a: Potion Petition, Call Merchant, Bribe Branch, Renounce Religion, Evoke Blink


You were on level 3 of the Spider Nest.
You worshipped Gozag.
Gozag was noncommittal.
You were not hungry.

You visited 6 branches of the dungeon, and saw 34 of its levels.
You also visited: Ice Cave.

You collected 13055 gold pieces.
You spent 8871 gold pieces at shops.
You paid 677 gold pieces to Gozag.

Inventory:

Hand Weapons
 a - the +7 Spriggan's Knife {MR+ EV+4 Dex+4 Stlth+}
   (You bought it in a shop on level 7 of the Dungeon)

   It affects your evasion (+4).
   It affects your dexterity (+4).
   It affects your resistance to hostile enchantments.
   It makes you more stealthy.
 e - the +11 hand crossbow "Rottauc" (weapon) {elec, +Blink rN+ Dex+4}
   (You found it on level 3 of the Elven Halls)

   It charges the ammunition it shoots with electricity; occasionally upon a
   hit, such missiles may discharge and cause terrible harm.
   It affects your dexterity (+4).
   It protects you from negative energy.
   It lets you blink.
 s - a +6 short sword of protection
 w - a +6 blowgun
Missiles
 y - 77 poisoned needles
 H - 2 curare-tipped needles
 T - 43 bolts (quivered)
Armour
 C - a +2 robe of magic resistance (worn)
 R - the -2 hat of the Alchemist (worn) {rElec rPois rF+ rC+ rN+ MR+ rMut rCorr}
   (You found it on level 3 of the Elven Halls)

   It protects you from fire.
   It protects you from cold.
   It insulates you from electricity.
   It protects you from poison.
   It protects you from negative energy.
   It affects your resistance to hostile enchantments.
   It protects you from acid and corrosion.
   It protects you from mutation.
 Z - the +2 cloak of Starlight (worn) {rElec rC+ EV+4 Stlth--}
   (You found it on level 14 of the Dungeon)

   It affects your evasion (+4).
   It protects you from cold.
   It insulates you from electricity.
   It makes you much less stealthy.
Jewellery
 c - an amulet of guardian spirit (around neck)
 u - the ring "Vinuig" (right hand) {rPois rN++ MR+ Slay+3 Stlth+}
   (You bought it in a shop on level 2 of the Orcish Mines)

   [ring of protection from magic]

   It affects your accuracy and damage with ranged weapons and melee attacks
   (+3).
   It protects you from poison.
   It greatly protects you from negative energy.
   It affects your resistance to hostile enchantments.
   It makes you more stealthy.
 W - the ring of Deucw (left hand) {Str+5 Int+4 Dex-2 Slay+5 Stlth+}
   (You bought it in a shop on level 10 of the Dungeon)

   [ring of strength]

   It affects your strength (+5).
   It affects your intelligence (+4).
   It affects your dexterity (-2).
   It affects your accuracy and damage with ranged weapons and melee attacks
   (+5).
   It makes you more stealthy.
Wands
 d - a wand of draining (6)
 f - a wand of cold (0)
 o - a wand of disintegration (7)
 r - a wand of heal wounds (6)
 E - a wand of hasting (0)
 N - a wand of teleportation (4)
 P - a wand of digging (13)
 X - a wand of draining (6)
Scrolls
 b - a scroll of amnesia
 h - 3 scrolls of recharging
 l - 3 scrolls of fear
 q - 9 scrolls of identify
 v - a scroll of fog
 D - 10 scrolls of teleportation
 O - 5 scrolls of remove curse
 S - a scroll of summoning
Potions
 i - 10 potions of curing
 j - 5 potions of heal wounds
 k - 7 potions of resistance
 m - 4 potions of flight
 t - 2 potions of ambrosia
 B - 3 potions of haste
 G - a potion of cancellation
Miscellaneous
 n - a phial of floods
Comestibles
 g - 18 bread rations
 J - 12 slices of pizza


   Skills:
 - Level 6.4 Fighting
 - Level 12.0 Short Blades
 - Level 2.0 Throwing
 O Level 27 Dodging
 * Level 25.9 Stealth


You had one spell level left.
You knew the following spells:

 Your Spells              Type           Power        Failure   Level  Hunger
a - Beastly Appendage     Trmt           #.....       21%         1    ##.....
b - Repel Missiles        Chrm/Air       #.....       34%         2    ###....
c - Sticks to Snakes      Trmt           #.........   34%         2    ###....
d - Swiftness             Chrm/Air       #.......     34%         2    ###....
e - Blink                 Tloc           N/A          34%         2    ###....
f - Shroud of Golubria    Chrm/Tloc      #.........   34%         2    ###....
g - Force Lance           Conj/Tloc      #.......     99%         4    #####..


Dungeon Overview and Level Annotations

Branches:
Dungeon (15/15)            Temple (1/1) D:5            Lair (8/8) D:10
 Shoals (0/4) Lair:5       Spider (3/4) Lair:6        Slime (0/6) Lair:6
    Orc (4/4) D:10            Elf (3/3) Orc:4        Vaults (0/5) D:13
 Depths (0/5) D:15

Altars:
Ashenzari
Cheibriados
Dithmenos
Elyvilon
Fedhas
Gozag
Kikubaaqudgha
Makhleb
Nemelex Xobeh
Okawaru
Qazlal
Ru
Sif Muna
Trog
Vehumet
Xom
Yredelemnul
Zin
The Shining One
Beogh

Shops:
D:2 *   D:7 (   D:10 =   D:14 ((**%   Orc:1 (   Orc:2 }=   Orc:3 [
Orc:4 :[([=   Elf:1 (   Elf:2 }

Portals:
Trove: D:12 (give 13 scrolls of teleportation)

Annotations:
D:14 exclusion: orange crystal statue
Spider:3 Arachne
Orc:2 exclusion: upstairs
Elf:2 5 runed doors


Innate Abilities, Weirdness & Mutations

You are tiny and cannot use many weapons and most armour.
You have supernaturally acute eyesight.
You are a herbivore.
You cover ground extremely quickly.
You need consume almost no food.


Message History

Press: ? - help, Shift-Dir - straight line, f/p - Arachne
Aim: Arachne, wielding a staff of poison and wearing an amulet of rage (almost dead)
You shoot a bolt. The bolt hits Arachne!
There is a sudden explosion of sparks!
Arachne is almost dead.
Arachne stares at you and mumbles some strange words.
The poison arrow hits you!
You are more poisoned.
You partially resist.
The orb spider pulsates with a strange energy.
Arachne casts a spell at you. The poison arrow misses you.
You feel sick.
You feel sick.
The orb spider weaves a glowing orb of energy.
Arachne casts a spell at you. The bolt of poison misses you.
You feel sick.
Arachne points her staff at you, shooting a stream of webbing.
You feel sick. The orb of destruction hits you!
You die...

#.....##.#.....§......###
##....#.#.....§.§..(....
#.......#....*..§H.....# ..
##......##..>....§.....(.
.s.#......##.......§(......$
...^###.^####.....§.(.......
....#####.###....§§.>.......
.....#.##.#.....§...#.......
..(..........).@^..^........
.....................(......
..^..^....<.............(..)
.................(....##...
........#.........(..##
.....................#
....................##
........?!.(.........
...#......^........


You could see Arachne.

Vanquished Creatures
  Rupert (D:14)
  2 deep elf blademasters (Elf:3)
  2 deep elf master archers (Elf:3)
  5 deep elf sorcerers
  Aizul (Elf:3)
  Louise (D:15)
  An orc warlord (Orc:4)
  3 deep elf demonologists (Elf:3)
  3 deep elf annihilators (Elf:3)
  4 deep elf death magi (Elf:3)
  2 dire elephants
  Snorg (D:12)
  2 vault guards (D:13)
  Josephine (Orc:2)
  2 deep elf high priests (Elf:3)
  8 hydras
  A rakshasa (D:14)
  4 centaur warriors
  A queen ant (Spider:3)
  3 catoblepae
  4 death yaks
  2 orc high priests
  A deep troll shaman (Lair:8)
  Urug (Orc:3)
  Sonja (D:12)
  Nergalle (Orc:3)
  11 deep elf knights
  7 deep elf summoners
  4 hill giants
  Pikel (D:9)
  4 unseen horrors
  8 deep elf conjurers
  A swamp dragon (Lair:6)
  5 necromancers
  2 wizards
  2 griffons
  4 orc sorcerers
  5 orb spiders
  4 cyclopes
  8 wolf spiders
  A salamander (D:15)
  An orb spider (shapeshifter) (D:14)
  A manticore (D:11)
  A moth of wrath (Spider:1)
  A hornet (shapeshifter) (Elf:3)
  12 ugly things
  6 elephants
  3 black mambas
  An elephant (shapeshifter) (Elf:3)
  2 spiny frogs (shapeshifter)
  16 spiny frogs
  An ice statue (IceCv)
  2 centaur zombies
  2 torpor snails
  3 centaur skeletons
  7 komodo dragons
  A gargoyle (D:14)
  A spriggan druid (Lair:6)
  6 deep elf priests
  5 demonic crawlers
  A polar bear (Lair:6)
  Grum (D:9)
  6 fire drakes
  13 jumping spiders
  A wind drake (shapeshifter) (D:14)
  A two-headed ogre (D:12)
  2 trolls
  A trapdoor spider zombie (D:13)
  11 freezing wraiths
  A boulder beetle (shapeshifter) (D:15)
  33 blink frogs
  6 slime creatures (D:14)
  A wyvern (shapeshifter) (D:15)
  13 redbacks
  A shadow (D:12)
  12 deep elf magi
  A tarantella (Spider:3)
  A spriggan (shapeshifter) (Elf:2)
  6 wraiths
  A trapdoor spider (Spider:2)
  12 deep elf fighters
  6 basilisks
  9 vampire mosquitoes
  56 yaks
  2 wyverns
  3 hungry ghosts
  A steam dragon (Lair:7)
  2 mottled dragons
  9 hippogriffs
  19 humans
  16 wolves
  2 swamp worms (Lair:6)
  Edmund (D:4)
  6 wargs
  11 porcupines
  13 water moccasins
  Duvessa (D:7)
  A swamp drake (Lair:6)
  2 black bears (Lair:8)
  24 soldier ants
  5 spiders
  42 orc warriors
  9 ice beasts
  2 eyes of draining
  6 sky beasts
  A slave (D:9)
  2 phantoms
  6 ogres
  14 crocodiles
  15 giant frogs
  11 centaurs
  2 big kobolds (D:7)
  Dowan (D:7)
  2 wyvern skeletons
  2 water moccasin skeletons
  5 scorpions
  5 killer bees (D:8)
  12 wights
  2 electric eels (Spider:2)
  A quasit (D:5)
  7 crimson imps
  4 hounds
  6 jellies
  3 draconian simulacra (IceCv)
  2 giant frog skeletons
  28 orc priests
  12 iguanas
  20 worker ants
  35 orc wizards
  A polar bear simulacrum (IceCv)
  2 spriggan simulacra (IceCv)
  3 wolf simulacra (IceCv)
  A centaur simulacrum (IceCv)
  6 troll simulacra (IceCv)
  A hound zombie (D:11)
  6 sheep (D:15)
  3 hound skeletons
  A worker ant zombie (D:9)
  4 naga simulacra (IceCv)
  12 adders
  4 gnolls (D:10)
  3 ogre simulacra (IceCv)
  46 river rats
  24 white imps
  5 shadow imps
  An ooze (Lair:6)
  An adder zombie (D:9)
  2 adder skeletons
  5 worms
  218 orcs
  4 ball pythons
  6 hobgoblins
  6 jackals
  7 quokkas
  8 bats
  2 giant cockroaches
  6 giant geckos
  A giant newt (D:1)
  7 goblins
  20 kobolds
  14 rats
  A spectral orc (D:7)
  A fungus (Lair:7)
1200 creatures vanquished.

Vanquished Creatures (collateral kills)
  A deep elf demonologist (Elf:3)
  A hydra (D:10)
  2 swamp drakes (Lair:6)
4 creatures vanquished.

Vanquished Creatures (others)
  A deep elf death mage (Elf:3)
  2 dancing weapons (Elf:2)
  A deep elf mage (Elf:2)
  2 wolves (D:9)
  A slave (D:9)
  A giant frog (D:9)
  A troll simulacrum (IceCv)
  2 bushes (Elf:2)
  5 fungi
  11 plants (D:10)
27 creatures vanquished.

Grand Total: 1231 creatures vanquished

Notes
Turn   | Place    | Note
--------------------------------------------------------------
     0 | D:1      | Chiseanne the Spriggan Assassin began the quest for the Orb.
     0 | D:1      | Reached XP level 1. HP: 10/10 MP: 2/2
    50 | D:1      | Reached skill level 6 in Stealth
   290 | D:1      | Reached XP level 2. HP: 12/14 MP: 3/3
   832 | D:2      | Reached XP level 3. HP: 18/18 MP: 4/4
   847 | D:2      | Found Gozag's Platinum Reserve.
  1188 | D:2      | Found an opulent altar of Gozag.
  1207 | D:2      | Became a worshipper of Gozag Ym Sagoz the Greedy
  1445 | D:2      | Reached XP level 4. HP: 19/22 MP: 5/5
  1544 | D:2      | Found a glowing golden altar of the Shining One.
  1644 | D:2      | Found a stormy altar of Qazlal.
  1650 | D:2      | Found a burning altar of Makhleb.
  1653 | D:2      | Found a glowing silver altar of Zin.
  1844 | D:3      | Reached skill level 7 in Stealth
  2157 | D:3      | Found an iron altar of Okawaru.
  2563 | D:3      | Noticed a moth of wrath
  2566 | D:3      | Found a bloodstained altar of Trog.
  2744 | D:4      | Noticed a phantom
  2823 | D:4      | Found a deep blue altar of Sif Muna.
  2852 | D:4      | Noticed Edmund
  2862 | D:4      | Killed Edmund
  2862 | D:4      | Reached skill level 5 in Dodging
  2862 | D:4      | Reached XP level 5. HP: 25/25 MP: 6/6
  3083 | D:4      | Reached XP level 6. HP: 26/30 MP: 7/7
  3229 | D:4      | Killed a phantom
  3229 | D:4      | Reached skill level 8 in Stealth
  3390 | D:5      | Entered Level 5 of the Dungeon
  3516 | D:5      | Found a shimmering altar of Xom.
  3858 | D:5      | Found a staircase to the Ecumenical Temple.
  4220 | D:5      | Reached skill level 5 in Short Blades
  4379 | D:5      | Reached XP level 7. HP: 33/33 MP: 8/8
  4671 | Temple   | Entered the Ecumenical Temple
  4684 | D:6      | Reached skill level 9 in Stealth
  4730 | D:6      | Found a sacrificial altar of Ru.
  5315 | D:6      | Reached skill level 10 in Stealth
  5315 | D:6      | Reached XP level 8. HP: 17/37 MP: 9/9
  6484 | D:7      | Found a basalt altar of Yredelemnul.
  6535 | D:7      | Reached skill level 11 in Stealth
  6628 | D:7      | Noticed Dowan
  6636 | D:7      | Noticed Duvessa
  6648 | D:7      | Killed Duvessa
  6656 | D:7      | Killed Dowan
  6865 | D:7      | Reached XP level 9. HP: 38/41 MP: 10/10
  6988 | D:7      | Reached skill level 10 in Dodging
  6997 | D:7      | Bought a glowing dagger for 48 gold pieces
  7070 | D:8      | Found Adgharghou's Distillery.
  7078 | D:8      | Bought a potion of poison for 11 gold pieces
  7078 | D:8      | Bought a potion of mutation for 27 gold pieces
  7078 | D:8      | Bought a potion of cancellation for 88 gold pieces
  7078 | D:8      | Bought a potion of mutation for 27 gold pieces
  7084 | D:8      | Bought a potion of heal wounds for 55 gold pieces
  7084 | D:8      | Bought 2 potions of heal wounds for 110 gold pieces
  7529 | D:8      | Reached skill level 12 in Stealth
  8068 | D:9      | Found a white marble altar of Elyvilon.
  8198 | D:9      | Noticed Grum
  8295 | D:9      | Killed Grum
  8295 | D:9      | Reached skill level 13 in Stealth
  8849 | D:9      | Noticed Pikel
  8882 | D:9      | Killed Pikel
  8882 | D:9      | Reached XP level 10. HP: 46/46 MP: 11/11
  9470 | D:10     | Entered Level 10 of the Dungeon
  9528 | D:10     | Found a staircase to the Orcish Mines.
 10025 | D:10     | Found a staircase to the Lair.
 10471 | D:10     | Reached skill level 14 in Stealth
 10752 | D:10     | Reached skill level 10 in Short Blades
 11336 | D:10     | Noticed a five-headed hydra
 11543 | D:10     | Found Ycvucvif's Jewellery Shop.
 11552 | D:10     | Bought a cursed -2 ring of dexterity for 24 gold pieces
 11552 | D:10     | Bought a +2 ring of strength for 90 gold pieces
 11568 | D:10     | Bought an uncursed amulet of guardian spirit for 360 gold pieces
 12004 | D:10     | Killed a five-headed hydra
 12004 | D:10     | Reached skill level 15 in Stealth
 12503 | D:10     | Reached XP level 11. HP: 49/49 MP: 12/12
 12547 | D:11     | Noticed a hill giant
 12554 | D:11     | Killed a hill giant
 13110 | D:11     | Noticed a hill giant
 13118 | D:11     | Killed a hill giant
 13118 | D:11     | Reached skill level 16 in Stealth
 13595 | D:10     | Bought the ring of Deucw {Str+5 Int+4 Dex-2 Slay+5 Stlth+} for 914 gold pieces
 13605 | D:10     | Learned a level 1 spell: Beastly Appendage
 13855 | D:12     | Noticed an unseen horror
 13900 | D:12     | Killed an unseen horror
 14019 | D:12     | Found a portal to a secret trove of treasure.
 14047 | D:12     | Noticed a six-headed hydra
 14054 | D:12     | Killed a six-headed hydra
 14054 | D:12     | Reached skill level 15 in Dodging
 14113 | D:12     | Reached skill level 17 in Stealth
 14186 | D:12     | Noticed an eight-headed hydra
 14199 | D:12     | Killed an eight-headed hydra
 14265 | D:12     | Reached XP level 12. HP: 53/53 MP: 13/13
 14414 | D:12     | Noticed a hill giant
 14430 | D:12     | Killed a hill giant
 14444 | D:12     | Learned a level 2 spell: Repel Missiles
 14596 | D:12     | Noticed Sonja
 14596 | D:12     | Noticed Snorg
 14598 | D:12     | Killed Snorg
 14599 | D:12     | Killed Sonja
 14646 | D:12     | You fall through a shaft for 2 floors!
 14751 | D:14     | Noticed a centaur warrior
 14777 | D:14     | Found Eraidui's Antique Weapon Emporium.
 14781 | D:14     | Bought a glowing blowgun for 75 gold pieces
 14789 | D:14     | Killed a centaur warrior
 14789 | D:14     | Reached skill level 18 in Stealth
 14897 | D:14     | Noticed a six-headed hydra
 14904 | D:14     | Killed a six-headed hydra
 14926 | D:14     | Noticed a centaur warrior
 14955 | D:14     | Killed a centaur warrior
 15201 | D:14     | Noticed Rupert
 15205 | D:14     | Killed Rupert
 15205 | D:14     | Reached skill level 19 in Stealth
 16034 | D:14     | Found Neckella's Food Boutique.
 16038 | D:14     | Bought 5 fruits for 82 gold pieces
 16038 | D:14     | Bought a bread ration for 55 gold pieces
 16038 | D:14     | Bought a royal jelly for 22 gold pieces
 16038 | D:14     | Bought a bread ration for 55 gold pieces
 16038 | D:14     | Bought a bread ration for 55 gold pieces
 16335 | D:14     | Reached XP level 13. HP: 52/61 MP: 14/14
 16402 | D:14     | Found Huopreb's Elemental Accessories.
 16402 | D:14     | Noticed a rakshasa
 16425 | D:14     | Found Guitedet's Assorted Antiques.
 16430 | D:14     | Bought a shimmering diamond amulet for 175 gold pieces
 16430 | D:14     | Bought a scroll of identify for 70 gold pieces
 16430 | D:14     | Bought a potion of resistance for 350 gold pieces
 16440 | D:14     | Identified the amulet "Gung" {Stasis MP-9 Int+10} (You bought it in a shop on level 14 of the Dungeon)
 16590 | D:14     | Found Deotuedo's Weapon Boutique.
 16857 | D:14     | Killed a rakshasa
 16995 | D:15     | Entered Level 15 of the Dungeon
 17020 | D:15     | Learned a level 2 spell: Sticks to Snakes
 17023 | D:15     | Learned a level 2 spell: Swiftness
 17489 | D:15     | Found a staircase to the Depths.
 17489 | D:15     | Noticed a dire elephant
 17531 | D:15     | Reached skill level 20 in Stealth
 18427 | D:15     | Killed a dire elephant
 18542 | D:15     | Noticed Louise
 18578 | D:15     | Killed Louise
 19213 | D:14     | Noticed a centaur warrior
 19230 | D:14     | Killed a centaur warrior
 19230 | D:14     | Reached skill level 5 in Fighting
 19284 | D:13     | Reached skill level 21 in Stealth
 19867 | D:13     | Reached XP level 14. HP: 63/68 MP: 15/15
 19891 | D:13     | Found a gate to the Vaults.
 20323 | Orc:1    | Entered Level 1 of the Orcish Mines
 20409 | Orc:1    | Found Joboucev's Weapon Shop.
 20703 | Orc:2    | Noticed Josephine
 20710 | Orc:2    | Killed Josephine
 20809 | Orc:2    | Found Redep's Jewellery Shoppe.
 20818 | Orc:2    | Bought the ring "Vinuig" {rPois rN++ MR+ Slay+3 Stlth+} for 931 gold pieces
 20875 | Orc:2    | Found a roughly hewn altar of Beogh.
 21378 | Orc:2    | Found Ritta's Gadget Shop.
 21788 | Orc:3    | Noticed Urug
 21789 | Orc:3    | Noticed Nergalle
 21791 | Orc:3    | Killed Urug
 21873 | Orc:3    | Found Xodghuik's Antique Armour Shop.
 22530 | Orc:3    | Killed Nergalle
 22534 | Orc:3    | Found a roughly hewn altar of Beogh.
 22910 | D:7      | Bought the +7 Spriggan's Knife {MR+ EV+4 Dex+4 Stlth+} for 1862 gold pieces
 23067 | Orc:4    | Entered Level 4 of the Orcish Mines
 23295 | Orc:4    | Found Deilawi's Book Shop.
 23401 | Orc:4    | Found a roughly hewn altar of Beogh.
 23442 | Orc:4    | Found a roughly hewn altar of Beogh.
 23443 | Orc:4    | Found Usas's Jewellery Boutique.
 23548 | Orc:4    | Bought a cursed ring of loudness for 58 gold pieces
 23588 | Orc:4    | Found a roughly hewn altar of Beogh.
 23589 | Orc:4    | Found Qatzischi's Antique Armour Shoppe.
 23831 | Orc:4    | Found a roughly hewn altar of Beogh.
 23893 | Orc:4    | Found a staircase to the Elven Halls.
 23920 | Orc:4    | Reached skill level 22 in Stealth
 23973 | Orc:4    | Noticed an orc warlord
 24573 | Orc:4    | Found a roughly hewn altar of Beogh.
 24573 | Orc:4    | Found Vaulo's Antique Armour Shop.
 24604 | Orc:4    | Found Vihoet's Antique Weapon Boutique.
 24646 | Orc:4    | Bought a fine rapier for 297 gold pieces
 24647 | Orc:4    | Identified the +6 rapier of Ninanuf {flame, rN+} (You bought it in a shop on level 4 of the Orcish Mines)
 24693 | Orc:4    | Killed an orc warlord
 25075 | Lair:1   | Entered Level 1 of the Lair of Beasts
 25091 | Lair:1   | Found a frozen archway.
 25295 | IceCv    | Entered an ice cave
 26099 | IceCv    | Found an ancient bone altar of Kikubaaqudgha.
 27755 | Lair:2   | Reached XP level 15. HP: 74/74 MP: 16/16
 27886 | Lair:3   | Identified a scroll of acquirement
 27892 | Lair:3   | Got a crude buckler
 27898 | Lair:3   | Identified the +3 buckler of the Trilobite {rC++ Slay-2} (You acquired it on level 3 of the Lair of Beasts)
 29046 | Lair:4   | Got a faintly glowing buckler
 29052 | Lair:4   | Identified the +1 buckler "Docej" {rElec rPois rF+ Slay+3} (You acquired it on level 4 of the Lair of Beasts)
 29330 | Lair:4   | Reached skill level 23 in Dodging
 29593 | Lair:5   | Found a staircase to the Shoals.
 30032 | Lair:6   | Found a staircase to the Slime Pits.
 30567 | Lair:6   | Found a hole to the Spider Nest.
 30999 | Lair:6   | Upgraded the game from 0.17.0-28-g6e173f8 to 0.17.0-56-gd8de76c
 31235 | Lair:7   | Reached skill level 24 in Dodging
 32033 | Lair:8   | Entered Level 8 of the Lair of Beasts
 32976 | Lair:8   | Reached skill level 25 in Dodging
 33870 | D:8      | Bought 2 potions of cure mutation for 770 gold pieces
 33870 | D:8      | Bought a potion of brilliance for 44 gold pieces
 33870 | D:8      | Bought a potion of brilliance for 44 gold pieces
 33870 | D:8      | Bought a potion of haste for 110 gold pieces
 33870 | D:8      | Bought a potion of haste for 110 gold pieces
 34113 | D:14     | Bought a potion of flight for 105 gold pieces
 34113 | D:14     | Bought a potion of curing for 105 gold pieces
 34113 | D:14     | Bought a scroll of amnesia for 122 gold pieces
 34308 | Orc:2    | Bought a wand of disintegration (12) for 240 gold pieces
 34308 | Orc:2    | Bought a wand of heal wounds (6) for 900 gold pieces
 34414 | Elf:1    | Entered Level 1 of the Elven Halls
 34432 | Elf:1    | Found a radiant altar of Vehumet.
 34506 | Elf:1    | Reached XP level 16. HP: 37/79 MP: 10/17
 34791 | Elf:1    | Found Patiofue's Weapon Emporium.
 35313 | Elf:2    | Found Hoetieka's Gadget Shop.
 35321 | Elf:2    | Bought a wand of teleportation (4) for 480 gold pieces
 35325 | Elf:2    | Reached skill level 26 in Dodging
 35427 | Elf:2    | Found a huge runed gate.
 35427 | Elf:2    | Found a huge runed gate.
 35427 | Elf:2    | Found a huge runed gate.
 35427 | Elf:2    | Found a huge runed gate.
 35427 | Elf:2    | Found a huge runed gate.
 35571 | Elf:3    | Entered Level 3 of the Elven Halls
 35835 | Elf:3    | Noticed Aizul
 35838 | Elf:3    | Killed Aizul
 36092 | Elf:3    | Noticed an Ice Fiend
 36200 | Elf:3    | Noticed a Brimstone Fiend
 36201 | Elf:3    | Noticed a Shadow Fiend
 36202 | Elf:3    | Noticed an Executioner
 36212 | Elf:3    | Reached skill level 27 in Dodging
 36913 | Elf:3    | Noticed a deep elf blademaster
 36913 | Elf:3    | Noticed a deep elf master archer
 37014 | Elf:3    | Killed a deep elf blademaster
 37302 | Elf:3    | Killed a deep elf master archer
 37328 | Elf:3    | Identified a cursed +8 rod of clouds (13/13) (You found it on level 3 of the Elven Halls)
 37485 | Elf:3    | Identified the Grimoire of the Poisonous Frostbite (You found it on level 3 of the Elven Halls)
 37496 | Elf:3    | Got an iridescent hand crossbow
 37497 | Elf:3    | Identified the +11 hand crossbow "Rottauc" {elec, +Blink rN+ Dex+4} (You found it on level 3 of the Elven Halls)
 37499 | Elf:3    | Identified the Guide on the Assistive Voyage
 37562 | Elf:3    | Noticed a deep elf blademaster
 37576 | Elf:3    | Killed a deep elf blademaster
 37584 | Elf:3    | Noticed a deep elf master archer
 38205 | Elf:3    | Killed a deep elf master archer
 38237 | Elf:3    | Got a smoking iron amulet
 38246 | Elf:3    | Identified the amulet "Falamn" {Clar *Corrode rPois rN+} (You took it off a deep elf annihilator on level 3 of the Elven Halls)
 38462 | Elf:2    | Reached XP level 17. HP: 71/82 MP: 15/18
 38569 | Elf:2    | Learned a level 2 spell: Blink
 38572 | Elf:2    | Learned a level 2 spell: Shroud of Golubria
 38577 | Elf:2    | Learned a level 4 spell: Force Lance
 39553 | Spider:1 | Entered Level 1 of the Spider Nest
 40940 | Spider:3 | Noticed Arachne
 41126 | Spider:3 | Blown up by an orb spider

Action                   |  1- 3 |  4- 6 |  7- 9 | 10-12 | 13-15 | 16-18 || total
-------------------------+-------+-------+-------+-------+-------+-------++-------
Melee: Dagger            |    67 |    65 |       |    42 |   141 |       ||   315
       Short sword       |       |    99 |   381 |   699 |   779 |       ||  1958
       Rapier            |       |       |       |       |     4 |       ||     4
       Knife             |       |       |       |       |  1496 |   884 ||  2380
 Fire: Blowgun           |    32 |    21 |    77 |    81 |   132 |    88 ||   431
       Shortbow          |       |       |       |    17 |    10 |    23 ||    50
       Hand crossbow     |       |       |       |       |       |    36 ||    36
Throw: Tomahawk          |       |     5 |     7 |    19 |       |       ||    31
 Cast: Repel Missiles    |       |       |       |     1 |       |       ||     1
Invok: Call Merchant     |       |       |     1 |       |       |       ||     1
Evoke: Wand              |       |       |     3 |     9 |    11 |    11 ||    34
       Box of beasts     |       |       |       |     9 |       |       ||     9
       Sack of spiders   |       |       |       |       |       |    15 ||    15
       Rod               |       |       |       |       |       |     1 ||     1
  Use: Scroll            |     5 |    11 |    12 |    11 |    15 |     5 ||    59
       Potion            |       |       |     1 |     3 |     1 |    16 ||    21
 Stab: Sleeping          |    11 |    14 |    18 |    41 |   192 |    31 ||   307
       Distracted        |     1 |       |     9 |    11 |    64 |    27 ||   112
       Fleeing           |       |       |       |     1 |       |       ||     1
       Paralysed         |       |       |       |     2 |       |       ||     2
       Invisible         |       |       |       |       |       |     1 ||     1
  Eat: Fruit             |     3 |       |     6 |     7 |    19 |       ||    35
       Pizza             |     1 |       |       |       |       |       ||     1
       Royal jelly       |       |     1 |       |       |     1 |     1 ||     3
